 Dungeon Crawl Stone Soup version 0.30-a0-862-g1aabd4f9c5 (webtiles) character file.

Game seed: 5546710306122036557

44 hikkokomori the Ruffian (level 3, -6/29 HPs)
             Began as a Draconian Transmuter on Mar 10, 2023.
             Killed by divine providence
             ... invoked by an orc priest
              (14 damage)
             ... on level 2 of the Dungeon.
             The game lasted 00:02:09 (1196 turns).

hikkokomori the Ruffian (Draconian Transmuter)      Turns: 1196, Time: 00:02:10

Health: -6/29      AC:  5    Str: 12    XL:     3   Next: 41%
Magic:  5/6        EV: 12    Int: 15    God:
Gold:   27         SH:  0    Dex: 11    Spells: 5/6 levels left

rFire   . . .      SeeInvis .      - Unarmed
rCold   . . .      Faith    .    (no shield)
rNeg    . . .      Spirit   .    (body armour unavailable)
rPois   .          Reflect  .    (helmet currently unavailable)
rElec   .          Rampage  .    (no cloak)
rCorr   .                        (no gloves)
Will    .....                    (boots currently unavailable)
Stlth   ++                       (no amulet)
HPRegen 0.24/turn                (no ring)
MPRegen 0.10/turn                (no ring)

@: appendages
A: horns 2, talons 2, AC +5, unfitting armour, cold-blooded
a: End Transformation


You were on level 2 of the Dungeon.
You had temporarily grown beastly horns and talons.
You visited 1 branch of the dungeon, and saw 2 of its levels.

You collected 27 gold pieces.

Inventory:

Missiles
 e - 4 curare-tipped darts
Jewellery
 b - a ring of resist corrosion
Scrolls
 f - a scroll of enchant weapon {unknown}
 g - 2 scrolls of identify {unknown}
 j - 3 scrolls of enchant armour {unknown}
 k - a scroll of poison {unknown}
Potions
 a - a potion of lignification
 c - a potion of flight {unknown}
 d - 3 potions of heal wounds {unknown}
 h - a potion of brilliance {unknown}
 i - a potion of mutation {unknown}


   Skills:
 + Level 2.0 Fighting
 + Level 1.1 Throwing
 - Level 1.8 Dodging
 + Level 1.2 Stealth
 - Level 3.0 Unarmed Combat
 - Level 2.0 Spellcasting
 + Level 2.5 Transmutations


You had 5 spell levels left.
You knew the following spells:

 Your Spells              Type           Power      Damage    Failure   Level
a - Beastly Appendage     Tmut           18%        N/A       8%          1

Your spell library contained the following spells:

 Spells                   Type           Power      Damage    Failure   Level
 Wereblood                Tmut           9%         N/A       12%         2
 Spider Form              Tmut/Pois      5%         N/A       36%         3
 Ice Form                 Ice/Tmut       5%         N/A       78%         4


Dungeon Overview and Level Annotations

Branches:
Dungeon (2/15)

Altars:

Annotations:
D:2 1 runed translucent door, Crazy Yiuf


Innate Abilities, Weirdness & Mutations

You have temporarily grown beastly horns and talons.
Your plain brown scales are hard. (AC +5)
You cannot fit into any form of body armour.
You are cold-blooded and may be slowed by cold attacks.


Message History

No target in view!
No target in view!
No target in view!
No target in view!
No target in view!
No target in view!
No target in view! 2 orcs come into view.
The orc moves out of view.
An orc is nearby!
An orc is nearby!
An orc wizard comes into view. It is wielding a +0 dagger.
The orc wizard shouts!
You hear a shout!
An orc priest comes into view. It is wielding a +0 flail.
The orc priest shouts!
The orc wizard casts a spell.
The orc wizard flickers and vanishes!
Deactivating autopickup; reactivate with Ctrl-A.
The orc shouts!
You see here an adder skeleton.
You closely miss the orc. The orc barely misses you.
You closely miss the orc.
Casting: Beastly Appendage (safe; 8% risk of failure)
Confirm with . or Enter, or press ? or * to list all spells.
You grow a pair of large bovine horns.
Your feet morph into talons.
The orc misses you.
The orc priest calls down the wrath of Beogh upon you.
Beogh smites you! Something hits you but does no damage.
The orc hits you with a +0 club. The orc attacks as you move away!
The orc hits you with a +0 war axe!
* * * LOW HITPOINT WARNING * * *
The orc barely misses you.
You barely miss the orc priest. You claw the orc priest.
You tail-slap the orc priest, but do no damage.
You punch the orc priest.
The orc priest is moderately wounded.
The orc barely misses you.
The orc priest mumbles some strange prayers to Beogh against you.
Beogh smites you!
You die...

..# #.....# #.# #..... #.# .....
#.## ###### #.# #...#########..##
# ..# #...#.......#.#.## #.#
#÷..#.#####..###.######
#.########...#.#####....##.##...
##.##.....÷.....÷....#...###.#...
................o........##......
..###..........o@o.....##########
..# #######...#.......#.#.# ..#
#...######..#..## ..# #...#
#..#.## ### #.# #...# #..#.###
#...# #.# #...# #......# #...+
#.# #... ####.### #)..# ..# #.#
### ### #.###


You could see an orc priest and 2 orcs.

Vanquished Creatures
  2 adders (D:2)
  2 endoplasms (D:1)
  2 giant cockroaches (D:2)
  3 hobgoblins
  4 jackals (D:2)
  2 kobolds (D:1)
  A quokka (D:2)
  2 ball pythons
  3 bats
  A frilled lizard (D:2)
  2 rats
24 creatures vanquished.

Notes
Turn   | Place    | Note
-------+----------+-------------------------------------------
     0 | D:1      | hikkokomori the Draconian Transmuter began the quest for
                  | the Orb.
     0 | D:1      | Reached XP level 1. HP: 16/16 MP: 3/3
   593 | D:1      | Reached XP level 2. HP: 22/23 MP: 3/5
   817 | D:2      | Reached skill level 1 in Stealth
   817 | D:2      | Reached XP level 3. HP: 13/29 MP: 4/6
   819 | D:2      | Reached skill level 1 in Throwing
  1139 | D:2      | Found a runed translucent door.
  1140 | D:2      | Noticed Crazy Yiuf
  1196 | D:2      | Killed from afar by an orc priest

Illustrated notes

Levels and vault maps discovered:
D:1:      lemuel_arrival_river_bridge, layout_loops_cross
D:2:      layout_loops_cross, uniq_crazy_yiuf_cottage

Skill      XL: |  1  2  3 |
---------------+----------+-----
Stealth        | 1 |  1.2
Throwing       | 1 |  1.1
Fighting       | 2 |  2.0
Dodging        | |  1.8
Unarmed Combat | |  3.0
Spellcasting   | |  2.0
Transmutations | |  2.5

Action                     || total
---------------------------++-------
  Melee: Unarmed           ||    91
         Tailslap          ||     6
         Kick              ||     8
         Headbutt          ||     5
         Punch             ||     2
   Cast: Beastly Appendage ||     7
 Armour: Skin              ||    29
  Dodge: Dodged            ||    75

Table legend: (Time is in decaauts)
 A = Elapsed time spent in this place.
 B = Non-inter-level travel time spent in this place.
 C = Inter-level travel time spent in this place.
 D = Time resting spent in this place.
 E = Time spent auto-exploring this place.
 F = Levels seen in this place.
 G = Mean time per level.
                   A        B        C        D        E       F      G
               +--------+--------+--------+--------+--------+-----+--------+
         Total |   1195 |   1146 |     49 |    197 |    734 |   2 |  597.5 |
       Dungeon |   1195 |   1146 |     49 |    197 |    734 |   2 |  597.5 |
               +--------+--------+--------+--------+--------+-----+--------+

Top non-repeatable levels by time:
     D:1: 741 daAuts
     D:2: 454 daAuts
